 Dungeon Crawl Stone Soup version 0.24-a0-537-g2d01d4ab0a (webtiles) character file.

Game seed: 10529704865099746386

143 BinkBink the Slasher (level 5, 0/39 HPs)
             Began as a Demonspawn Gladiator on Aug 14, 2019.
             Slain by an iguana (4 damage)
             ... on level 3 of the Dungeon.
             The game lasted 00:03:54 (1982 turns).

BinkBink the Slasher (Demonspawn Gladiator)         Turns: 1982, Time: 00:03:55

Health: 0/39       AC: 11    Str: 14    XL:     5   Next: 4%
Magic:  0/5        EV:  2    Int:  9    God:
Gold:   139        SH:  7    Dex: 16    Spells: 4/4 levels left

rFire    + . .     SeeInvis .   a - +1 long sword
rCold    x . .     Gourm    .   b - +0 shield
rNeg     . . .     Faith    .   r - +0 plate armour
rPois    +         Spirit   +   c - +0 helmet
rElec    .         Reflect  .   (no cloak)
rCorr    .         Harm     .   (no gloves)
MR       .....                  (no boots)
Stlth    ..........             (no amulet)
HPRegen  0.13/turn              e - ring of fire
MPRegen  0.09/turn              o - ring of poison resistance

@: very slow
A: hooves 2, magic shield, rot immunity
a: no special abilities


You were on level 3 of the Dungeon.
You were not hungry.

You visited 1 branch of the dungeon, and saw 4 of its levels.

You collected 139 gold pieces.

Inventory:

Hand Weapons
 a - a +1 long sword (weapon)
Missiles
 d - 3 throwing nets (quivered)
Armour
 b - a +0 shield (worn)
 c - a +0 helmet (worn)
 r - a +0 plate armour (worn)
Jewellery
 e - a ring of fire (left hand)
 o - a ring of poison resistance (right hand)
Wands
 g - a wand of acid (8)
Scrolls
 i - a scroll of remove curse
 k - 3 scrolls of enchant weapon
Potions
 l - 2 potions of brilliance {unknown}
 n - 2 potions of mutation {unknown}
 p - a potion of magic {unknown}
Comestibles
 f - 4 rations


   Skills:
 + Level 2.6 Fighting
 + Level 4.3 Long Blades
 + Level 2.0 Throwing
 + Level 1.1 Armour
 + Level 3.2 Dodging


You had 4 spell levels left.
You didn't know any spells.
Your spell library was empty.

Dungeon Overview and Level Annotations

Branches:
Dungeon (4/15)
 Temple: D:4-7

Altars:
Fedhas
Kikubaaqudgha
Nemelex Xobeh


Innate Abilities, Weirdness & Mutations

You have hoof-like feet.
When hurt, damage is shared between your health and your magic reserves.
You are immune to rotting.


Message History

You closely miss the iguana. The iguana bites you.
You hit the iguana but do no damage. You kick the iguana.
The iguana is moderately wounded.
You block the iguana's attack. The iguana bites you.
You hit the iguana. Your kick misses the iguana.
The iguana is moderately wounded.
The iguana bites you.
You completely miss the iguana.
The iguana is moderately wounded.
The iguana bites you.
* * * LOW HITPOINT WARNING * * *
There is a stone staircase leading up here.
The iguana bites you!
* * * LOW HITPOINT WARNING * * *
You climb upwards.
There is a stone staircase leading down here.
You enter the shallow water.
Moving in this stuff is going to be slow.
The iguana bites you.
You die...

###############
######>.............
##♣..♣P...#########.##
##P..≈@l♣♣.....# ##...#
##PP.≈≈♣≈≈♣.....###.....
#P...≈≈≈≈≈≈.....+.......
##P..≈≈≈≈♣....P..#.......
#P...♣≈♣....P............
#P....♣♣...P###⌠.⌠.......
####♣..♣..♣....._........
####.......⌠.⌠.......
#..........#).....


You could see an iguana.

Vanquished Creatures
  A scorpion (D:4)
  A worker ant (D:4)
  An adder (D:2)
  An ooze (D:2)
  A worm (D:2)
  A leopard gecko (D:1)
  An orc (D:3)
  5 bats
  2 bat zombies (D:3)
  A giant cockroach (D:3)
  5 goblins
  6 hobgoblins
  7 jackals (D:1)
  4 kobolds
  A ball python (D:2)
  10 frilled lizards
  3 rats
  3 rat zombies (D:3)
54 creatures vanquished.

Notes
Turn   | Place    | Note
-------+----------+-------------------------------------------
     0 | D:1      | BinkBink the Demonspawn Gladiator began the quest for the
                  | Orb.
     0 | D:1      | Reached XP level 1. HP: 16/16 MP: 1/1
   103 | D:1      | Reached skill level 3 in Long Blades
   126 | D:1      | Gained mutation: You are immune to rotting. [demonic
                  | ancestry]
   126 | D:1      | Reached XP level 2. HP: 14/22 MP: 2/2
   487 | D:2      | Gained mutation: You have large cloven feet. [demonic
                  | ancestry]
   487 | D:2      | Reached XP level 3. HP: 27/27 MP: 3/3
   606 | D:2      | You fall into a shaft and drop 1 floor!
   606 | D:3      | Found an ancient bone altar of Kikubaaqudgha.
   631 | D:3      | Found a sparkling altar of Nemelex Xobeh.
  1070 | D:3      | Found a blossoming altar of Fedhas.
  1150 | D:3      | Gained mutation: When hurt, damage is shared between your
                  | health and your magic reserves. [demonic ancestry]
  1150 | D:3      | Reached XP level 4. HP: 34/34 MP: 4/4
  1814 | D:4      | Reached skill level 4 in Long Blades
  1814 | D:4      | Reached skill level 1 in Armour
  1821 | D:4      | Gained mutation: You have hoof-like feet. [demonic
                  | ancestry]
  1821 | D:4      | Reached XP level 5. HP: 10/39 MP: 3/5
  1982 | D:3      | Slain by an iguana

Levels and vault maps discovered:
D:1:      wander_arrival_estate, layout_rooms, chequers_garden
D:2:      layout_basic, minmay_lizard_pond
D:3:      layout_basic, fedhas_ov_isle_minmay,
          lemuel_zombie_altar_kikubaaqudgha, nemelex_xobeh_ov_fountains_minmay,
          serial_bayou, serial_bayou_shore_a, serial_bayou_ford_a,
          serial_bayou_lagoon_a, serial_bayou_pond_a, serial_bayou_lagoon_b,
          first_ration
D:4:      layout_basic, serial_shops, kennysheep_little_box, minmay_bent

Skill      XL: |  1  2  3  4 |
---------------+-------------+-----
Long Blades    | 3 4 |  4.3
Dodging        | 3 |  3.2
Throwing       | 2 |  2.0
Armour         | 1 |  1.1
Fighting       | |  2.6

Action                   |  1- 3 |  4- 6 || total
-------------------------+-------+-------++-------
Melee: Long sword        |   144 |    26 ||   170
       Kick              |    21 |     7 ||    28
  Use: Scroll            |     6 |       ||     6
  Eat: Chunk             |       |     4 ||     4
Armor: Leather armour    |    16 |       ||    16
       Chain mail        |   104 |       ||   104
       Plate armour      |     1 |    23 ||    24
Dodge: Dodged            |   101 |     5 ||   106
Block: Shield            |       |     8 ||     8
       Rpst.: Long sword |    32 |       ||    32

Table legend:
 A = Non-vault XP
 B = Vault XP
 C = Vault XP percentage of total XP
 D = Non-vault monster count
 E = Vault monster count
 F = Vault count percentage of total count
                 A         B        C        D         E       F
            +---------+---------+-------+---------+---------+-------
      Total |     192 |      13 |   6.3 |      43 |      11 |  20.4
            +---------+---------+-------+---------+---------+-------
        D:1 |      31 |       0 |   0.0 |      17 |       0 |   0.0
        D:2 |      38 |       6 |  13.6 |      11 |       6 |  35.3
        D:3 |      21 |       7 |  25.0 |      13 |       5 |  27.8
        D:4 |     102 |       0 |   0.0 |       2 |       0 |   0.0
            +---------+---------+-------+---------+---------+-------
